General information
- name: BNet
- type: Ladder team game (AT/RT)
- host: Battle.net
- saver: sc2no.wc4yes
map: GolemsInTheMist
- players: 8
- length: 62:13
- speed: Fast
- version: 1.26 W3XP
- replay type: Public
» download(318 KB)
Players
team 1 (loser)

»
OVER-admire. (
yellow | 83 APM | 1835 actions | 22:05)
4 Tauren Chieftain
2 Shockwave
2 Endurance Aura
2 Shadow Hunter
1 Healing Wave
1 Hex
3 Far Seer
2 Chain Lighting
1 Feral Spirit
» actions
| Assign group hotkey | 41 | |
| Basic commands | 44 | |
| Build / train | 89 | |
| Enter build submenu | 22 | |
| Enter hero's abilities submenu | 10 | |
| Give item / drop item | 2 | |
| Remove unit from queue | 1 | |
| Right click | 755 | |
| Select / deselect | 345 | |
| Select group hotkey | 441 | |
| Use ability | 85 | |
1835 total
» units
| Peon | 7 | |
| Troll Headhunter/Berserker | 14 | |
| Goblin Shredder | 3 | |
| Shaman | 4 | |
| Troll Witch Doctor | 6 | |
| Tauren | 3 | |
| Knight | 1 | |
| Sorceress | 1 | |
| Priest | 1 | |
40 total
» upgrades
| Spiked Barricades | 1 | |
| Ranged Weapons | 1 | |
| Armor | 1 | |
| Troll Regeneration | 1 | |
| Witch Doctor Training | 2 | |
| Shaman Training | 2 | |
| Berserker Upgrade | 1 | |
| Pulverize | 1 | |
| Reinforced Defenses | 1 | |
| Melee Weapons | 1 | |
12 total
» buildings
| Altar of Storms | 1 | |
| Orc Burrow | 10 | |
| War Mill | 1 | |
| Barracks | 1 | |
| Voodoo Lounge | 2 | |
| Stronghold | 2 | |
| Fortress | 4 | |
| Spirit Lodge | 2 | |
| Tauren Totem | 1 | |
| Watch Tower | 3 | |
27 total
» build order
00:07 Altar of Storms
00:10 Orc Burrow
01:08 War Mill
01:23 Barracks
01:44 Orc Burrow
01:59 Voodoo Lounge
02:44 Orc Burrow
03:48 Stronghold
05:22 Orc Burrow
06:43 Fortress
06:43 Fortress
06:43 Fortress
06:43 Fortress
06:58 Spirit Lodge
07:45 Spirit Lodge
10:28 Tauren Totem
10:47 Orc Burrow
10:49 Orc Burrow
10:53 Orc Burrow
12:55 Voodoo Lounge
13:04 Orc Burrow
13:07 Orc Burrow
13:33 Watch Tower
13:36 Watch Tower
13:44 Watch Tower
18:34 Orc Burrow
» items
| Healing Salve | 1 | |
| Lesser Clarity Potion | 1 | |
2 total
littlefool (
pink | 50 APM | 1222 actions | 24:22)
6 Mountain King
3 Storm Bolt
3 Bash
» actions
| Assign group hotkey | 16 | |
| Basic commands | 28 | |
| Build / train | 95 | |
| ESC pressed | 11 | |
| Enter build submenu | 29 | |
| Enter hero's abilities submenu | 6 | |
| Right click | 350 | |
| Select / deselect | 301 | |
| Select group hotkey | 292 | |
| Use ability | 94 | |
1222 total
» units
| Peasant | 22 | |
| Footman | 6 | |
| Gryphon Rider | 6 | |
| Knight | 4 | |
| Dragonhawk Rider | 6 | |
| Priest | 2 | |
46 total
» upgrades
| Defend | 1 | |
| Lumber Harvesting | 1 | |
| Masonry | 4 | |
| Swords | 2 | |
| Animal War Training | 2 | |
| Plating | 2 | |
| Armor | 1 | |
| Storm Hammers | 1 | |
| Cloud | 1 | |
| Priest Training | 1 | |
16 total
» buildings
| Barracks | 1 | |
| Farm | 7 | |
| Altar of Kings | 1 | |
| Scout Tower | 10 | |
| Arcane Tower | 1 | |
| Arcane Vault | 1 | |
| Keep | 1 | |
| Lumber Mill | 1 | |
| Blacksmith | 1 | |
| Guard Tower | 10 | |
| Castle | 1 | |
| Gryphon Aviary | 2 | |
| Town Hall | 2 | |
| Arcane Sanctum | 2 | |
41 total
» build order
00:14 Barracks
00:26 Farm
00:43 Altar of Kings
00:58 Farm
01:58 Farm
02:42 Farm
02:59 Scout Tower
03:27 Farm
03:33 Arcane Tower
03:46 Arcane Vault
04:14 Keep
04:50 Farm
05:04 Lumber Mill
05:23 Blacksmith
05:34 Farm
05:45 Scout Tower
05:50 Scout Tower
06:34 Guard Tower
06:37 Castle
06:54 Scout Tower
06:56 Scout Tower
07:04 Scout Tower
07:19 Gryphon Aviary
07:58 Gryphon Aviary
08:23 Scout Tower
08:27 Scout Tower
09:20 Guard Tower
09:24 Town Hall
10:05 Guard Tower
10:31 Guard Tower
10:53 Town Hall
11:00 Guard Tower
11:01 Guard Tower
11:02 Guard Tower
14:40 Guard Tower
14:51 Arcane Sanctum
15:12 Arcane Sanctum
19:16 Scout Tower
19:57 Guard Tower
20:00 Scout Tower
22:29 Guard Tower
» items
| Scroll of Regeneration | 6 | |
| Lesser Clarity Potion | 2 | |
| Scroll of Town Portal | 2 | |
| Orb of Fire | 1 | |
| Potion of Healing | 2 | |
13 total
3v3 (
orange | 29 APM | 1788 actions | 62:11)
7 Warden
3 Fan of Knives
3 Blink
1 Shadow Strike
» actions
| Basic commands | 15 | |
| Build / train | 84 | |
| Enter build submenu | 49 | |
| Enter hero's abilities submenu | 7 | |
| Give item / drop item | 2 | |
| Remove unit from queue | 3 | |
| Right click | 890 | |
| Select / deselect | 515 | |
| Use ability | 223 | |
1788 total
» units
| Wisp | 45 | |
| Archer | 7 | |
| Hippogryph | 9 | |
| Chimaera | 2 | |
| Spell Breaker | 3 | |
66 total
» upgrades
| Corrosive Breath | 1 | |
| Sorceress Training | 1 | |
| Magic Sentry | 1 | |
| Strength of the Wild | 1 | |
| Reinforced Hides | 1 | |
5 total
» buildings
| Altar of Elders | 1 | |
| Moon Well | 10 | |
| Ancient of War | 1 | |
| Ancient of Wonders | 1 | |
| Tree of Life | 4 | |
| Tree of Ages | 1 | |
| Hunter's Hall | 1 | |
| Tree of Eternity | 1 | |
| Ancient Protector | 15 | |
| Ancient of Wind | 3 | |
| Chimaera Roost | 3 | |
| Farm | 3 | |
| Scout Tower | 11 | |
| Guard Tower | 1 | |
| Altar of Kings | 1 | |
57 total
» build order
00:23 Altar of Elders
00:24 Moon Well
00:29 Ancient of War
01:46 Moon Well
02:49 Ancient of Wonders
03:35 Tree of Life
03:55 Moon Well
03:58 Moon Well
05:29 Moon Well
05:30 Moon Well
06:33 Moon Well
06:35 Moon Well
06:38 Moon Well
07:36 Tree of Ages
07:43 Hunter's Hall
10:02 Tree of Eternity
11:09 Ancient Protector
11:13 Ancient Protector
11:16 Ancient Protector
12:06 Ancient Protector
12:07 Ancient Protector
12:09 Ancient Protector
12:13 Ancient Protector
12:16 Ancient Protector
12:19 Ancient Protector
12:23 Ancient Protector
12:26 Ancient Protector
13:18 Ancient of Wind
14:50 Ancient of Wind
14:57 Ancient of Wind
16:29 Chimaera Roost
16:30 Chimaera Roost
16:31 Chimaera Roost
17:33 Tree of Life
18:05 Farm
18:08 Farm
18:10 Farm
18:17 Moon Well
20:30 Tree of Life
23:24 Ancient Protector
23:26 Ancient Protector
23:30 Ancient Protector
23:34 Ancient Protector
24:02 Scout Tower
24:03 Scout Tower
24:05 Scout Tower
24:05 Scout Tower
24:06 Scout Tower
24:07 Scout Tower
24:09 Scout Tower
24:11 Scout Tower
24:13 Scout Tower
24:13 Scout Tower
24:14 Scout Tower
24:39 Tree of Life
25:25 Guard Tower
46:50 Altar of Kings
» items

»
gomugomuno (
teal | 26 APM | 371 actions | 14:08)
3 Paladin
2 Holy Light
1 Divine Shield
1 Mountain King
1 Storm Bolt
» actions
| Basic commands | 5 | |
| Build / train | 46 | |
| Enter build submenu | 17 | |
| Enter hero's abilities submenu | 5 | |
| Right click | 117 | |
| Select / deselect | 129 | |
| Use ability | 52 | |
371 total
» units
» upgrades
| Masonry | 1 | |
| Lumber Harvesting | 1 | |
2 total
» buildings
| Farm | 8 | |
| Barracks | 2 | |
| Altar of Kings | 1 | |
| Arcane Vault | 1 | |
| Keep | 1 | |
| Lumber Mill | 1 | |
| Blacksmith | 1 | |
| Castle | 1 | |
| Scout Tower | 15 | |
| Town Hall | 1 | |
| Guard Tower | 5 | |
37 total
» build order
00:07 Farm
00:10 Barracks
00:47 Altar of Kings
01:23 Farm
02:11 Farm
03:01 Farm
03:11 Arcane Vault
03:51 Farm
04:25 Keep
04:30 Lumber Mill
06:31 Blacksmith
07:34 Castle
07:52 Barracks
09:07 Farm
09:08 Farm
09:09 Farm
09:15 Scout Tower
09:15 Scout Tower
09:17 Scout Tower
09:18 Scout Tower
09:20 Scout Tower
10:43 Town Hall
11:02 Guard Tower
11:23 Guard Tower
11:59 Guard Tower
12:02 Scout Tower
12:03 Scout Tower
12:04 Scout Tower
12:05 Scout Tower
12:05 Scout Tower
12:23 Scout Tower
12:23 Scout Tower
12:24 Scout Tower
12:25 Scout Tower
12:35 Scout Tower
13:10 Guard Tower
13:50 Guard Tower
» items
| Scroll of Regeneration | 1 | |
| Ivory Tower | 9 | |
| Orb of Fire | 1 | |
11 total
team 2 (winner)

»
sc2no.wc4yes (
red | 50 APM | 3106 actions | 62:13)
6 Far Seer
2 Far Sight
3 Chain Lighting
1 Earth Quake
» actions
| Assign group hotkey | 108 | |
| Basic commands | 55 | |
| Build / train | 129 | |
| ESC pressed | 18 | |
| Enter build submenu | 48 | |
| Enter hero's abilities submenu | 6 | |
| Give item / drop item | 2 | |
| Right click | 1289 | |
| Select / deselect | 560 | |
| Select group hotkey | 722 | |
| Use ability | 169 | |
3106 total
» units
| Peon | 36 | |
| Goblin Shredder | 5 | |
| Troll Batrider | 30 | |
| Goblin Zeppelin | 12 | |
| Goblin Sapper | 18 | |
101 total
» upgrades
| Ranged Weapons | 3 | |
| Liquid Fire | 1 | |
| Reinforced Defenses | 1 | |
| Spiked Barricades | 1 | |
| Armor | 2 | |
8 total
» buildings
| Altar of Storms | 2 | |
| Orc Burrow | 6 | |
| War Mill | 1 | |
| Voodoo Lounge | 1 | |
| Watch Tower | 26 | |
| Stronghold | 1 | |
| Fortress | 1 | |
| Beastiary | 3 | |
| Great Hall | 5 | |
46 total
» build order
00:09 Altar of Storms
00:14 Orc Burrow
00:57 War Mill
01:43 Voodoo Lounge
02:32 Watch Tower
02:52 Stronghold
02:56 Watch Tower
03:31 Watch Tower
03:35 Orc Burrow
03:42 Watch Tower
04:36 Orc Burrow
05:24 Fortress
05:28 Beastiary
05:37 Beastiary
05:42 Beastiary
05:53 Orc Burrow
06:52 Watch Tower
08:09 Watch Tower
10:28 Watch Tower
13:58 Watch Tower
13:58 Watch Tower
13:58 Watch Tower
13:59 Watch Tower
13:59 Watch Tower
13:59 Watch Tower
14:00 Watch Tower
14:00 Watch Tower
16:41 Watch Tower
16:41 Watch Tower
16:41 Watch Tower
16:42 Watch Tower
16:42 Watch Tower
16:43 Watch Tower
17:14 Watch Tower
17:19 Watch Tower
17:34 Watch Tower
19:17 Watch Tower
20:22 Watch Tower
30:05 Great Hall
31:32 Great Hall
33:14 Great Hall
33:41 Great Hall
37:00 Great Hall
39:13 Orc Burrow
42:59 Altar of Storms
43:09 Orc Burrow
» items
| Lesser Clarity Potion | 3 | |
| Scroll of Speed | 1 | |
| Tiny Great Hall | 3 | |
| Orb of Lightning | 1 | |
8 total
toadmonkey22 (
blue | 42 APM | 2597 actions | 62:11)
7 Keeper of the Grove
3 Force of Nature
2 Thorns Aura
1 Tranquility
1 Entangling Roots
» actions
| Assign group hotkey | 104 | |
| Basic commands | 172 | |
| Build / train | 86 | |
| ESC pressed | 3 | |
| Enter build submenu | 17 | |
| Enter hero's abilities submenu | 7 | |
| Remove unit from queue | 1 | |
| Right click | 1505 | |
| Select / deselect | 453 | |
| Select group hotkey | 167 | |
| Use ability | 82 | |
2597 total
» units
| Wisp | 13 | |
| Huntress | 15 | |
| Dryad | 18 | |
| Goblin Zeppelin | 1 | |
47 total
» upgrades
| Ultravision | 1 | |
| Strength of the Moon | 3 | |
| Moon Armor | 3 | |
| Strength of the Wild | 3 | |
| Reinforced Hides | 3 | |
| Sentinel | 1 | |
| Abolish Magic | 1 | |
| Nature's Blessing | 1 | |
| Well Spring | 1 | |
| Upgrade Moon Glaive | 1 | |
18 total
» buildings
| Moon Well | 8 | |
| Altar of Elders | 1 | |
| Hunter's Hall | 2 | |
| Ancient of War | 1 | |
| Ancient of Wonders | 1 | |
| Tree of Ages | 2 | |
| Ancient of Lore | 1 | |
| Tree of Eternity | 1 | |
| Tree of Life | 2 | |
19 total
» build order
00:26 Moon Well
00:34 Altar of Elders
02:21 Hunter's Hall
02:32 Ancient of War
03:13 Ancient of Wonders
03:21 Moon Well
03:29 Moon Well
03:32 Moon Well
03:33 Tree of Ages
05:19 Moon Well
06:08 Ancient of Lore
06:21 Moon Well
13:14 Tree of Eternity
19:34 Moon Well
27:44 Tree of Life
30:17 Hunter's Hall
30:20 Moon Well
35:12 Tree of Life
40:44 Tree of Ages
» items
| Moonstone | 1 | |
| Scroll of Town Portal | 3 | |
| Orb of Corruption | 1 | |
| Potion of Healing | 1 | |
6 total

»
alana.cawood (
green | 67 APM | 4138 actions | 62:11)
4 Dreadlord
2 Vampiric Aura
2 Carrion Swarm
3 Death Knight
2 Death Coil
1 Unholy Aura
» actions
| Assign group hotkey | 83 | |
| Basic commands | 522 | |
| Build / train | 118 | |
| ESC pressed | 18 | |
| Enter build submenu | 96 | |
| Enter hero's abilities submenu | 7 | |
| Give item / drop item | 2 | |
| Right click | 1413 | |
| Select / deselect | 660 | |
| Select group hotkey | 1041 | |
| Use ability | 178 | |
4138 total
» units
| Acolyte | 16 | |
| Ghoul | 8 | |
| Goblin Shredder | 5 | |
| Goblin Zeppelin | 1 | |
| Meatwagon | 10 | |
| Necromancer | 3 | |
| Gargoyle | 28 | |
71 total
» upgrades
| Unholy Strength | 3 | |
| Exhume Corpses | 1 | |
| Unholy Armor | 3 | |
| Skeletal Mastery | 1 | |
| Necromancer Training | 2 | |
| Skeletal Longevity | 1 | |
| Creature Attack | 3 | |
| Creature Carapace | 2 | |
| Stone Form | 1 | |
17 total
» buildings
| Crypt | 2 | |
| Altar of Darkness | 1 | |
| Ziggurat | 50 | |
| Tomb of Relics | 1 | |
| Graveyard | 1 | |
| Spirit Tower | 8 | |
| Halls of the Dead | 1 | |
| Necropolis | 21 | |
| Black Citadel | 1 | |
| Slaughterhouse | 2 | |
| Temple of the Damned | 2 | |
| Sacrificial Pit | 1 | |
| Boneyard | 2 | |
93 total
» build order
00:45 Crypt
00:51 Altar of Darkness
01:02 Ziggurat
01:16 Tomb of Relics
01:57 Ziggurat
02:25 Graveyard
04:13 Ziggurat
05:04 Spirit Tower
05:12 Ziggurat
06:09 Halls of the Dead
08:29 Necropolis
08:37 Black Citadel
09:20 Slaughterhouse
09:22 Slaughterhouse
10:16 Temple of the Damned
10:17 Temple of the Damned
10:45 Ziggurat
10:47 Ziggurat
10:55 Ziggurat
10:56 Ziggurat
12:32 Spirit Tower
12:37 Ziggurat
12:39 Ziggurat
12:40 Ziggurat
16:44 Necropolis
18:27 Ziggurat
18:28 Ziggurat
18:31 Ziggurat
18:32 Ziggurat
18:33 Ziggurat
18:37 Ziggurat
18:39 Ziggurat
18:41 Ziggurat
18:42 Ziggurat
18:52 Ziggurat
18:55 Ziggurat
18:56 Ziggurat
18:58 Ziggurat
19:00 Ziggurat
19:01 Ziggurat
19:05 Ziggurat
19:06 Ziggurat
19:16 Ziggurat
19:27 Sacrificial Pit
19:58 Spirit Tower
20:00 Spirit Tower
20:01 Spirit Tower
20:05 Spirit Tower
20:08 Spirit Tower
20:40 Spirit Tower
21:05 Ziggurat
21:10 Ziggurat
21:58 Crypt
29:30 Necropolis
31:24 Necropolis
33:42 Necropolis
46:54 Necropolis
47:04 Necropolis
47:07 Necropolis
47:16 Necropolis
47:38 Necropolis
48:08 Necropolis
48:18 Necropolis
48:21 Necropolis
51:20 Necropolis
52:04 Necropolis
52:07 Necropolis
52:08 Necropolis
52:14 Necropolis
52:16 Necropolis
52:19 Necropolis
52:24 Necropolis
53:33 Ziggurat
53:47 Ziggurat
53:48 Ziggurat
53:50 Ziggurat
54:03 Ziggurat
54:15 Ziggurat
54:17 Ziggurat
54:19 Ziggurat
54:24 Ziggurat
54:28 Ziggurat
54:30 Ziggurat
54:34 Ziggurat
54:37 Ziggurat
54:40 Ziggurat
54:42 Ziggurat
54:44 Ziggurat
55:20 Ziggurat
55:24 Ziggurat
55:26 Ziggurat
61:16 Boneyard
61:20 Boneyard
» items
| Rod of Necromancy | 1 | |
| Scroll of Town Portal | 3 | |
| Orb of Corruption | 2 | |
| Scroll of Healing | 3 | |
| Potion of Healing | 1 | |
10 total

»
isuckagain (
purple | 53 APM | 3315 actions | 62:11)
9 Priestess of the Moon
3 Scout
3 Trueshot Aura
2 Searing Arrows
1 Starfall
6 Keeper of the Grove
1 Force of Nature
3 Entangling Roots
1 Thorns Aura
1 Tranquility
» actions
| Assign group hotkey | 23 | |
| Basic commands | 8 | |
| Build / train | 96 | |
| Enter build submenu | 28 | |
| Enter hero's abilities submenu | 15 | |
| Remove unit from queue | 4 | |
| Right click | 1481 | |
| Select / deselect | 321 | |
| Select group hotkey | 1268 | |
| Use ability | 71 | |
3315 total
» units
| Wisp | 17 | |
| Archer | 7 | |
| Hippogryph | 19 | |
| Chimaera | 11 | |
| Glaive Thrower | 2 | |
56 total
» upgrades
| Strength of the Wild | 3 | |
| Reinforced Hides | 3 | |
| Corrosive Breath | 1 | |
| Well Spring | 1 | |
8 total
» buildings
| Altar of Elders | 2 | |
| Moon Well | 12 | |
| Ancient of War | 2 | |
| Tree of Ages | 2 | |
| Hunter's Hall | 1 | |
| Ancient of Wind | 1 | |
| Tree of Eternity | 1 | |
| Tree of Life | 3 | |
| Chimaera Roost | 3 | |
27 total
» build order
00:09 Altar of Elders
00:13 Moon Well
00:27 Ancient of War
01:26 Moon Well
03:07 Tree of Ages
03:53 Hunter's Hall
03:57 Moon Well
05:07 Moon Well
05:48 Ancient of Wind
06:14 Tree of Eternity
07:26 Tree of Life
07:49 Moon Well
09:27 Chimaera Roost
10:02 Chimaera Roost
10:10 Chimaera Roost
14:10 Moon Well
15:09 Moon Well
18:43 Moon Well
27:46 Tree of Life
28:14 Moon Well
29:19 Moon Well
29:56 Moon Well
31:58 Moon Well
33:15 Tree of Ages
35:47 Altar of Elders
36:57 Tree of Eternity
37:22 Ancient of War
42:12 Tree of Life
» items
| Scroll of Town Portal | 4 | |
| Potion of Healing | 1 | |
| Orb of Lightning | 1 | |
| Scroll of Speed | 1 | |
| Healing Salve | 1 | |
8 total
Chat log
(00:12 / All) 3v3: omg green are you a girl?
(00:24 / All) sc2no.wc4yes: she's afk
(00:31 / All) 3v3: whata bitch
(00:34 / All) alana.cawood: HELLO :)
(00:41 / All) 3v3: are you a female?
(00:46 / All) sc2no.wc4yes: any girls in here want to have sex with me?
(00:47 / All) alana.cawood: lol ugh
(00:50 / All) 3v3: i hope im not coming off to strong.
(00:52 / All) sc2no.wc4yes: im a very giving lover
(00:58 / All) alana.cawood: nah its col but yeah i m
(01:06 / All) 3v3: how bigs your dick?
(01:10 / All) alana.cawood: ???
(01:16 / All) 3v3: you said you were a girl
(01:21 / All) alana.cawood: i swear guys on this game are so WEIRD.
(01:22 / All) 3v3: dont girls have penis's?
(01:30 / All) alana.cawood: it would just be penis' hun.
(01:32 / All) alana.cawood: but no..
(01:38 / All) 3v3: dont judge me
(01:50 / All) 3v3: im starting not to like you already
(02:02 / All) 3v3: but really, how big are you downstairs?
(02:17 / All) alana.cawood: uhm ive only had sex twice soo.
(02:31 / All) alana.cawood: with my bf kenneth
(02:36 / All) 3v3: why the fuck you scouting me
(02:39 / All) OVER-admire.: ya
(02:39 / All) OVER-admire.: wtf
(02:55 / All) 3v3: would you ever consider an online boyfriend green?
(03:05 / All) 3v3: like iwoudlnt say anything to kenny
(03:07 / All) alana.cawood: if they were hot and i was single....i guess lol
(03:18 / All) 3v3: i kind it sexy if you havea bf
(03:18 / All) sc2no.wc4yes: so youre telling me theres a chance?
(03:22 / All) 3v3: and we have to be sneeky
(03:24 / All) alana.cawood: lol idk
(04:13 / All) 3v3: omg so can you text me sometime?
(04:17 / All) 3v3: and stop fucking revealing me
(04:18 / All) alana.cawood: no
(04:26 / All) 3v3: you dont have texting?
(04:30 / All) alana.cawood: no
(04:33 / All) 3v3: hmu on snapchat
(04:34 / All) alana.cawood: you can fb me though.
(04:48 / All) alana.cawood: facebook/alana.cawood
(05:24 / All) 3v3: omg your so sexy
(05:33 / All) alana.cawood: LOL thanks!!
(05:41 / All) alana.cawood: ne way where r u from
(05:54 / All) 3v3: uk
(05:56 / All) 3v3: whales
(06:02 / All) alana.cawood: lol it would never work out :P
(06:11 / All) 3v3: We dont have to see eachother in rela life
(06:25 / All) 3v3: whats why i said your boyfriend didnt have to know islly
(06:36 / All) alana.cawood: LOL omg
(06:37 / All) alana.cawood: !!
(06:40 / All) alana.cawood: ur bad :P
(06:53 / All) 3v3: i;ve been told.
(07:14 / All) alana.cawood: you seem like such a tease lol r u a ladies man
(07:25 / All) 3v3: stop revelaing me mother fucker
(07:37 / All) alana.cawood: wat?
(09:48 / Allies) sc2no.wc4yes: 'you guys need to get real units
(09:54 / Allies) isuckagain: wtf red
(09:59 / Allies) alana.cawood: like bats?
(10:19 / Allies) sc2no.wc4yes: i have shitty units so you have to compensate for that
(10:24 / Allies) isuckagain: red
(10:29 / Allies) isuckagain: get the fuck off my mine
(10:34 / Allies) alana.cawood: LOL LEARN TOS HARE GUYS
(10:51 / All) alana.cawood: so funny how my teams tryna be all macho LOL
(12:02 / Allies) alana.cawood: nice!!
(12:15 / All) alana.cawood: GET EM A BODYBAG JOHNNY..YEAH
(13:10 / All) 3v3: fucking mh red
(13:14 / All) OVER-admire.: ya
(13:17 / All) alana.cawood: yEAH he si a big mher lol
(15:17 / All) OVER-admire.: sad sad battlenet iam the only one with an arm
(15:35 / All) OVER-admire.: oj mass AP
(15:41 / All) 3v3: ap?
(15:44 / All) OVER-admire.: an a lv 4 warden
(15:49 / All) alana.cawood: adrian petersons?
(16:11 / All) alana.cawood: this game is all about spice control
(16:55 / Allies) alana.cawood: can get get some anti air units up
(17:05 / Allies) sc2no.wc4yes: gold me
(17:16 / All) 3v3: how's that work
(17:22 / All) alana.cawood: What?
(17:38 / Allies) isuckagain: wtf red
(17:42 / Allies) isuckagain: go kill pink
(17:43 / Allies) isuckagain: thnx
(17:59 / Allies) alana.cawood: good work gents
(18:08 / Allies) alana.cawood: im gonna lead a small brigade @ teal
(18:14 / Allies) alana.cawood: maybe not hol shit!!
(18:17 / Allies) alana.cawood: he has a massive force
(19:38 / All) alana.cawood: please dont judge me and i wont judge you
(19:54 / Allies) alana.cawood: massive force coming
(20:03 / Allies) sc2no.wc4yes: alana press ALT + Q + Q to upgrade your building armor
(20:25 / Allies) alana.cawood: uhm it toko me to the quit screen u sure that works?
(20:58 / All) alana.cawood: my base is in honor of the movie "the hobbit" coming out this week!
(21:26 / Allies) sc2no.wc4yes: where are those chims
(21:51 / All) OVER-admire.: nice jack
(21:52 / All) OVER-admire.: Fags
(21:56 / All) OVER-admire.: syupid game
(21:59 / All) OVER-admire.: Vs hackers
(21:59 / All) isuckagain: rofl
(22:00 / All) sc2no.wc4yes: are you my fan>?
(22:07 / All) isuckagain: u ran righ by reds base
(22:26 / All) alana.cawood: im ur fan red
(22:40 / All) alana.cawood: youve done as well job
(22:42 / All) 3v3: god red i hate you
(22:46 / All) sc2no.wc4yes: fan down
(23:02 / Allies) sc2no.wc4yes: can someone give me like 4000 gold
(26:23 / All) alana.cawood: dispatching some gools
(26:27 / All) alana.cawood: lol well shit
(28:22 / Allies) alana.cawood: attack
(29:31 / Allies) isuckagain: y tk green?
(29:39 / Allies) alana.cawood: he thought i was dmb cuz im girl
(31:37 / Allies) alana.cawood: whast up
(32:43 / Allies) sc2no.wc4yes: green can i pay you to snuggle with me?
(32:52 / Allies) isuckagain: stop gbreen
(32:52 / All) 3v3: gg noobs
(33:31 / All) alana.cawood: he who controls the spice controls dune
(34:56 / All) alana.cawood: LOPL
(35:03 / Allies) isuckagain: green stop
(35:05 / Allies) isuckagain: wtf
(35:08 / All) alana.cawood: warden down
(35:11 / All) alana.cawood: blame red!!!!
(35:18 / Allies) isuckagain: no i blame u stop
(35:26 / All) alana.cawood: BrycE.
(35:34 / All) alana.cawood: YOU HAVE APPEASED MEF OR NOW RED
(36:26 / Allies) isuckagain: green can i plz have some gold so we can go ahead and end this
(36:30 / Allies) sc2no.wc4yes: lol
(38:11 / All) 3v3: sorry was wanking
(38:20 / Allies) isuckagain: dude stop it
(39:21 / All) alana.cawood: k finishing this shit
(39:22 / All) alana.cawood: gg
(41:12 / Allies) isuckagain: just end it plz green
(41:14 / 6) sc2no.wc4yes: can i have 200 gold for a sapper
(41:14 / Allies) isuckagain: ffs
(41:38 / All) alana.cawood: not till red says sorry.
(41:47 / Allies) isuckagain: red say fucking sorry
(41:51 / Allies) isuckagain: i hav better shit to do
(41:56 / All) alana.cawood: dick
(42:07 / All) 3v3: omg im so horny
(42:58 / All) alana.cawood: blue u think terrorism against my spice mines will help??
(44:45 / Allies) isuckagain: stop man
(44:47 / Allies) isuckagain: why
(44:53 / Allies) alana.cawood: BECAUSE OF RED
(44:59 / Allies) isuckagain: so what
(45:01 / Allies) alana.cawood: THI GUY IS RELENTLESS
(45:11 / Allies) alana.cawood: IF HE SAYS ALANA #1
(45:56 / Allies) isuckagain: u fucking cunt
(46:45 / Allies) sc2no.wc4yes: lmao
(46:51 / Allies) isuckagain: green fuck you u fucking cunt
(47:00 / All) isuckagain: fucnk green the cunt
(47:43 / 6) sc2no.wc4yes: can i have some gold for my hero
(48:52 / 10) sc2no.wc4yes: can i have 365 gold to get my hero back
(49:02 / All) isuckagain: dont have it
(49:07 / Allies) sc2no.wc4yes: uyse that tp scroll
(49:12 / Allies) sc2no.wc4yes: youre dead either way
(49:17 / Allies) isuckagain: shoulda kept your mouth shut red
(49:30 / Allies) sc2no.wc4yes: lol
(49:33 / Allies) alana.cawood: r/ what?
(49:33 / Allies) sc2no.wc4yes: this was their plan all along
(50:02 / 6) sc2no.wc4yes: give me 400 gold plz
(50:04 / Allies) isuckagain: omg green
(50:24 / Allies) sc2no.wc4yes: so close...
(50:26 / Allies) sc2no.wc4yes: he can taste it
(50:34 / All) alana.cawood: but so far away
(50:51 / All) isuckagain: ihope u die of a a fucking painful std green u fucking cunt
(50:59 / All) 3v3: HAHAHAHAHAHA
(51:01 / Allies) sc2no.wc4yes: i like how they saw it was going to be a base race
(51:09 / Allies) sc2no.wc4yes: so he starts shooting your necropolises
(51:34 / Allies) sc2no.wc4yes: pop your ultimate
(51:37 / Allies) sc2no.wc4yes: its your only hope
(51:45 / All) alana.cawood: LOL
(51:48 / All) alana.cawood: WHY DO U RUN TO A CORNER
(51:48 / All) alana.cawood: LOL
(51:54 / Allies) sc2no.wc4yes: he thought the trees would help him
(51:59 / Allies) sc2no.wc4yes: hes the keeper of the grove after all
(52:01 / Allies) isuckagain: nah
(52:11 / Allies) isuckagain: just can't believe green retardation
(52:37 / All) alana.cawood: YOU SHALL NOT PASS.
(52:38 / All) isuckagain: I HOPE I PLAY W/ YOUR CUNT ASS MORE..... I WILL TK YOU EVERY FUCKING TIEM
(52:43 / Allies) sc2no.wc4yes: this was my first game back on wc3 in a month or two
(52:46 / All) 3v3: HAHAHAHAHA
(52:49 / Allies) sc2no.wc4yes: it exceeded my expectations
(52:53 / Allies) alana.cawood: thx
(52:53 / Allies) sc2no.wc4yes: exceded
(52:54 / Allies) alana.cawood: as they say
(52:55 / Allies) alana.cawood: bryce #1
(53:06 / Allies) sc2no.wc4yes: i vaguely remember that guy being a dk fiend zmap user
(53:13 / Allies) alana.cawood: idk
(53:16 / Allies) alana.cawood: he says he is #1
(53:24 / Allies) alana.cawood: i played with him today he showed me this strat to defeating
(53:48 / Allies) sc2no.wc4yes: it doesnt get much lower than making a dk and fiends in 4v4 rt
(54:23 / 10) sc2no.wc4yes: can you share control and put your hippo at hte bottom merc shop?
(54:26 / 10) sc2no.wc4yes: i have enough for a sapper
(58:28 / All) alana.cawood: Baron Frostfel, I dispatch thee to handle thy evil keeper of thy grove.
(58:30 / All) 3v3: WHY ARE YOU FAGGOTS STILL HERE. CLEARLY IM PLAYIONG GREEN
(58:41 / All) alana.cawood: along with a batch our of our finest gargoyle warriors
(59:07 / All) 3v3: I GUESS YOU GUYS ARENT AS INTELLIGENT AS I THOUGHT
(59:24 / All) sc2no.wc4yes: theres not much about this that could be easily deduced
(59:31 / All) sc2no.wc4yes: without a thorought knowledge of the deviant mind
(59:43 / All) sc2no.wc4yes: i just figured you were two of those channel forum psychopaths
(59:45 / All) alana.cawood: good try
(59:46 / All) 3v3: SO ANOTHER WORDS, YOU'RE SAYING YOUR MAD.
(59:46 / All) sc2no.wc4yes: who always teamkille ach other
(60:05 / All) alana.cawood: LAY THE TRAP!
(60:23 / 6) sc2no.wc4yes: tp to his bottom necropolistes
(60:25 / 6) sc2no.wc4yes: in the nemy base
(60:28 / 6) sc2no.wc4yes: and pop ents on trees
(60:33 / 6) sc2no.wc4yes: u can kill his last buildings faster than he reacts
(60:41 / 6) sc2no.wc4yes: 50 hp farms on left
(60:44 / 6) sc2no.wc4yes: 100 hp mid farm
(60:45 / 6) sc2no.wc4yes: 100 hp altar
(60:50 / 6) sc2no.wc4yes: just tp to bottom and split your ents up
(61:00 / 6) sc2no.wc4yes: if you walk there he will bop you hard
(61:13 / 6) sc2no.wc4yes: tp to the base he has there
(61:16 / 6) sc2no.wc4yes: do you speak english
(61:23 / All) alana.cawood: yes
(61:26 / All) alana.cawood: come home
(61:37 / 6) sc2no.wc4yes: split your ents up fast
(61:41 / 6) sc2no.wc4yes: get lal 3
(61:45 / All) alana.cawood: NOOOO
(62:09 / 6) sc2no.wc4yes: tp to your right
(62:10 / 6) sc2no.wc4yes: and summon ents